 Dungeon Crawl Stone Soup version 0.28-a0-845-gfc338a8e3c (webtiles) character file.

Game seed: 13018422550871843794

10 vurker the Gusty (level 2, 0/22 HPs)
             Began as a Demigod Air Elementalist on Nov 12, 2021.
             Slain by an adder (4 damage)
             ... on level 2 of the Dungeon.
             The game lasted 00:00:54 (273 turns).

vurker the Gusty (Demigod Air Elementalist)          Turns: 273, Time: 00:00:55

Health: 0/22       AC:  2    Str:  9    XL:     2   Next: 0%
Magic:  3/7        EV: 12    Int: 17    God:
Gold:   0          SH:  0    Dex: 14    Spells: 4/5 levels left

rFire   . . .      SeeInvis .   (no weapon)
rCold   . . .      Faith    .   (no shield)
rNeg    . . .      Spirit   .   a - +0 robe
rPois   .          Reflect  .   (no helmet)
rElec   .          Harm     .   (no cloak)
rCorr   .          Rampage  .   (no gloves)
Will    .....                   (no boots)
Stlth   ++........              (no amulet)
HPRegen 0.07/turn               (no ring)
MPRegen 0.10/turn               (no ring)

@: very slightly contaminated
A: high mp 1, forlorn
a: no special abilities


You were on level 2 of the Dungeon.
You visited 1 branch of the dungeon, and saw 2 of its levels.

Inventory:

Armour
 a - a +0 robe (worn)
Potions
 b - a potion of attraction {unknown}


   Skills:
 + Level 0.3 Fighting
 - Level 1.7 Dodging
 - Level 1.7 Stealth
 * Level 2.0 Spellcasting
 + Level 1.0 Conjurations
 * Level 2.9 Air Magic


You had 4 spell levels left.
You knew the following spells:

 Your Spells              Type           Power      Damage    Failure   Level
a - Shock                 Conj/Air       32%        1d5       9%          1

Your spell library contained the following spells:

 Spells                   Type           Power      Damage    Failure   Level
 Static Discharge         Conj/Air       8%         N/A       13%         2
 Swiftness                Air            11%        N/A       17%         3
 Airstrike                Air            5%         N/A       50%         4


Dungeon Overview and Level Annotations

Branches:
Dungeon (1/15)


Innate Abilities, Weirdness & Mutations

Your attributes grow dramatically as you level up.
You have an increased reservoir of magic. (+10% MP)
You shall have no god before yourself.


Message History

You can't see any susceptible monsters within range! (Use Z to cast anyway.)
A gnoll comes into view. It is wielding a +0 club.
Found a robe.
A bat comes into view.
A gnoll comes into view. It is wielding a +0 flail.
The gnoll shouts!
Found a stone staircase leading down.
A ball python and a worm come into view.
The ball python hisses angrily.
The ball python misses you. The ball python grabs you.
The ball python constricts you.
You escape the ball python's grasp.
Found a rapier and 18 stones.
Found a stone staircase leading down.
The ball python closely misses you. The ball python grabs you.
The ball python constricts you.
You escape the ball python's grasp.
You see here a +0 rapier.
The ball python bites you. The ball python grabs you.
The ball python constricts you.
You escape the ball python's grasp.
An adder comes into view.
A worm comes into view.
Found 14 sling bullets.
The gnoll shouts!
The ball python barely misses you. The ball python grabs you.
The ball python constricts you.
You escape the ball python's grasp.
The adder barely misses you. The adder closely misses you.
The adder barely misses you. The ball python bites you.
The ball python barely misses you.
A worm comes into view.
The adder bites you but does no damage. That beam is likely to hit you.
Continue anyway?
Okay, then.
The zap hits the adder.
The zap hits the ball python.
You kill the ball python!
The adder closely misses you. The worm bites you!
Ouch! That really hurt!
* * * LOW HITPOINT WARNING * * *
You have reached level 2!
You miscast Shock.
You are very lightly contaminated with residual magic.
Nothing appears to happen.
The adder bites you.
* * * LOW HITPOINT WARNING * * *
The adder closely misses you. The worm closely misses you.
Unknown command.
Unknown command.
The zap misses the adder.
The adder bites you.
You die...

##################
#.....g...w.......
#S#########...####
#@# #.(.# #w#
#...# #.# #..w####
#.# #....... #.#
#....... #.#
##...... #.#
#...... #.#
#......
#.##########......


You could see a worm and an adder.

Vanquished Creatures
  A ball python (D:2)
  2 endoplasms (D:2)
  A hobgoblin (D:1)
  3 jackals (D:2)
  A bat (D:2)
8 creatures vanquished.

Notes
Turn   | Place    | Note
-------+----------+-------------------------------------------
     0 | D:1      | vurker the Demigod Air Elementalist began the quest for the
                  | Orb.
     0 | D:1      | Reached XP level 1. HP: 14/14 MP: 5/5
    57 | D:1      | You fall into a shaft and drop 1 floor!
    96 | D:2      | Reached skill level 1 in Conjurations
   272 | D:2      | Reached XP level 2. HP: 6/22 MP: 5/7
   273 | D:2      | Slain by an adder

Illustrated notes

Levels and vault maps discovered:
D:1:      amcnicky_arrival_double_pillar, layout_basic,
          chequers_serial_rivers_small_3
D:2:      layout_basic, ebering_ecumenical_altar_sacrificial, uniq_natasha

Skill      XL: |  1 |
---------------+----+-----
Conjurations   | 1 |  1.0
Spellcasting   | 2 |  2.0
Fighting       | |  0.3
Dodging        | |  1.7
Stealth        | |  1.7
Air Magic      | |  2.9

Action                   || total
-------------------------++-------
 Cast: Shock             ||    16
Armor: Robe              ||     1
Dodge: Dodged            ||    13

Table legend: (Time is in decaauts)
 A = Elapsed time spent in this place.
 B = Non-inter-level travel time spent in this place.
 C = Inter-level travel time spent in this place.
 D = Time resting spent in this place.
 E = Time spent auto-exploring this place.
 F = Levels seen in this place.
 G = Mean time per level.
                   A        B        C        D        E       F      G
               +--------+--------+--------+--------+--------+-----+--------+
         Total |    272 |    272 |      0 |      0 |    170 |   2 |  136.0 |
       Dungeon |    272 |    272 |      0 |      0 |    170 |   2 |  136.0 |
               +--------+--------+--------+--------+--------+-----+--------+

Top non-repeatable levels by time:
     D:2: 215 daAuts
     D:1: 57 daAuts
